 Dungeon Crawl Stone Soup version 0.29-a0-341-g24ffce5b50 (webtiles) character file.

Game seed: 18178501099676917084

427 spaghetti the Skirmisher (level 6, -5/64 (66) HPs)
             Began as a Naga Delver on Apr 20, 2022.
             Slain by a gnoll
             ... wielding a +0 spear
              (6 damage)
             ... on level 5 of the Dungeon.
             The game lasted 00:04:12 (2243 turns).

spaghetti the Skirmisher (Naga Delver)              Turns: 2243, Time: 00:04:13

HP:   -5/64 (66)    AC:  3    Str: 14    XL:     6   Next: 97%
MP:   6/6           EV:  9    Int: 13    God:
Gold: 68            SH:  0    Dex: 12    Spells: 5/5 levels left

rFire   . . .      SeeInvis +   a - +0 falchion {long}
rCold   . . .      Faith    .   (no shield)
rNeg    . . .      Spirit   .   b - +0 leather armour
rPois   +          Reflect  .   (no helmet)
rElec   .          Harm     .   (no cloak)
rCorr   .          Rampage  .   (no gloves)
Will    .....                   (no barding)
Stlth   +++.......              (no amulet)
HPRegen 0.20/turn               (no ring)
MPRegen 0.10/turn               (no ring)

@: short of breath, weak-willed, studying Shields, lightly drained, very slow
A: AC +2, large, see invisible, deformed body, poison resistance, slowness 2,
spit poison 1, naga tail 1
a: Spit Poison


You were on level 5 of the Dungeon.
You visited 1 branch of the dungeon, and saw 3 of its levels.

You collected 68 gold pieces.


Innate Abilities, Weirdness & Mutations

Your serpentine skin is tough. (AC +2)
You have supernaturally acute eyesight. (SInv)
Armour fits poorly on your strangely shaped body.
Your system is resistant to poisons. (rPois)
You cover ground very slowly.
You can spit poison.
You have a snake-like lower body.


   Skills:
 + Level 7.6 Fighting
 - Level 2.0 Long Blades
 - Level 1.5 Dodging
 - Level 7.2 Stealth


You had 5 spell levels left.
You didn't know any spells.
Your spell library was empty.

Inventory:

Hand Weapons
 a - a +0 falchion (weapon) {long}
Armour
 b - a +0 leather armour (worn)
Wands
 g - a wand of digging (3)
Scrolls
 c - a scroll of fog
 d - a scroll of magic mapping {!r}

Dungeon Overview and Level Annotations

Branches:
Dungeon (6/15)
 Temple: D:4-7

Altars:

Annotations:
D:5 exclusion: ice beast

### #### ##.## ##[..##
#########.#.###.....##
..รท........#.#.......###
#########...##.........
##.## .......#
#.####.....#
#.........#####
#######@g.......#
#)#######.# ### #g# #.# #
#..


gg# #.# # #.# ### #.# # #.# #.# ######.# #.# .......############### #.#######
.####................# #..<....# You could see a gnoll shaman (weak-willed) and
3 gnolls.


Message History

Your gnoll dies!
You now have 64 max hp (+1).
A gnoll comes into view. It is wielding a +0 spear.
The gnoll barely misses you.
Things that are here:
a +0 spear {polearm}; a gnoll corpse You slash the gnoll!
The gnoll hits you from afar with a +0 spear.
The gnoll hits you with a +0 flail.
A gnoll shaman comes into view. It is wielding a +0 club. ๐Ÿ˜• HP[-6]
You take 6 damage, and now have 57/64 hp.
You hit the gnoll.
You kill the gnoll!
You have got your breath back.
The gnoll hits you from afar with a +0 spear!
The gnoll shaman calls upon its god to speed up the gnoll.
The gnoll seems to speed up.
You hear a shout! ๐Ÿ˜• HP[-7]
You take 7 damage, and now have 50/64 hp.
Unknown command.
Unknown command.
Aiming: Spit Poison (1% risk of failure)
Press: ? - help, Shift-Dir - straight line, f - gnoll shaman
Aim: a gnoll shaman, wielding a +0 club and wearing a +0 leather armour (65% to hit)
The splash of poison hits the gnoll shaman but does no damage.
You aren't carrying any potions.
As you read the scroll labelled ZASIAS ULOES, it crumbles to dust.
Magic quickly surges around you.
It was a scroll of vulnerability.
Unknown command.
You hit the gnoll shaman.
You hit the gnoll shaman but do no damage.
The gnoll closely misses you.
The gnoll hits you from afar with a +0 spear.
The gnoll shaman barely misses you. ๐Ÿ˜ฎ HP[-4]
You take 4 damage, and now have 46/64 hp.
Okay, then.
Okay, then.
Okay, then.
You aren't carrying any potions.
Unknown command.
You closely miss the gnoll shaman.
The gnoll hits you from afar with a +0 spear.
The gnoll shaman hits you but does no damage.
The gnoll hits you from afar with a +0 spear. ๐Ÿ˜ฎ HP[-6]
You take 6 damage, and now have 40/64 hp.
You hit the gnoll shaman but do no damage.
The gnoll hits you from afar with a +0 spear!
A gnoll comes into view. It is wielding a +0 spear.
The gnoll shaman barely misses you.
The gnoll barely misses you. ๐Ÿ˜ฎ HP[-7]
You take 7 damage, and now have 33/64 hp.
Unknown command.
Unknown command.
You hit the gnoll shaman but do no damage.
You have got your breath back.
The gnoll shaman barely misses you. The gnoll barely misses you.
The gnoll hits you from afar with a +0 spear.
* * * LOW HITPOINT WARNING * * *
A gnoll comes into view. It is wielding a +0 whip.
The gnoll shaman hits you with a +0 club.
* * * LOW HITPOINT WARNING * * *
๐Ÿ˜จ HP[-7]
You take 7 damage, and now have 26/64 hp.
Okay, then.
You closely miss the gnoll shaman.
The gnoll hits you from afar with a +0 spear.
* * * LOW HITPOINT WARNING * * *
The gnoll shaman barely misses you. ๐Ÿ˜จ HP[-5]
You take 5 damage, and now have 21/64 hp.
Aiming: Spit Poison (1% risk of failure)
Press: ? - help, Shift-Dir - straight line, f/p - gnoll shaman
Aim: a gnoll shaman, wielding a +0 club and wearing a +0 leather armour (moderately wounded, weak-willed, 65% to hit)
The splash of poison hits the gnoll shaman!
The gnoll shouts!
The gnoll barely misses you. The gnoll completely misses you.
The gnoll shaman hits you with a +0 club!
* * * LOW HITPOINT WARNING * * *
๐Ÿ˜ฑ HP[-7]
You take 7 damage, and now have 14/64 hp.
Unknown command.
You completely miss the gnoll shaman.
The gnoll hits you from afar with a +0 spear.
* * * LOW HITPOINT WARNING * * *
The gnoll shaman closely misses you.
The gnoll hits you from afar with a +0 spear.
* * * LOW HITPOINT WARNING * * *
๐Ÿ˜ฑ HP[-9]
You take 9 damage, and now have 5/64 hp.
Unknown command.
You hit the gnoll shaman but do no damage.
The gnoll closely misses you.
The gnoll shaman hits you with a +0 club.
* * * LOW HITPOINT WARNING * * *
The gnoll hits you from afar with a +0 spear.
You die...

Skill      XL: |  1  2  3  4  5 |
---------------+----------------+-----
Fighting       | 4 5 7 |  7.6
Long Blades    | |  2.0
Dodging        | |  1.5
Stealth        | |  7.2

Action                   |  1- 3 |  4- 6 || total
-------------------------+-------+-------++-------
Melee: Falchion          |     3 |    60 ||    63
Throw: Boomerang         |       |    12 ||    12
 Abil: Spit Poison       |     3 |    27 ||    30
Evoke: Wand              |       |     1 ||     1
  Use: Scroll            |       |     5 ||     5
       Potion            |       |     4 ||     4
 Stab: Sleeping          |       |     4 ||     4
Armor: Leather armour    |       |    11 ||    11
Dodge: Dodged            |     2 |    40 ||    42

Levels and vault maps discovered:
D:4:      layout_basic, uniq_grinder
D:5:      layout_loops_ring, hangedman_abyss_or_decor_lesser_grid,
          uniq_crazy_yiuf_cottage, uniq_duvessa
D:6:      layout_loops_ring, lemuel_zombie_altar_yredelemnul

Notes
Turn   | Place    | Note
-------+----------+-------------------------------------------
     0 | D:5      | spaghetti the Naga Delver began the quest for the Orb.
     0 | D:5      | Reached XP level 1. HP: 21/21 MP: 1/1
     0 | D:5      | magus.rc [v1.9.6]
     5 | D:6      | Noticed a scorpion
    11 | D:6      | Killed a scorpion
    12 | D:6      | Reached skill level 4 in Fighting
    12 | D:6      | Reached XP level 2. HP: 22/31 MP: 2/2
    12 | D:6      | Reached XP level 3. HP: 26/37 MP: 3/3
   189 | D:5      | Reached XP level 4. HP: 41/45 MP: 4/4
   238 | D:6      | Noticed a bullfrog
   247 | D:5      | HP: 9/45 [bullfrog (6)]
   248 | D:5      | HP: 3/45 [bullfrog (2)]
   249 | D:5      | Killed a bullfrog
   250 | D:5      | Reached skill level 5 in Fighting
   250 | D:5      | Reached XP level 5. HP: 4/55 MP: 5/5
   519 | D:5      | Reached skill level 6 in Fighting
   635 | D:5      | Noticed an ice beast
   807 | D:4      | Noticed Grinder
   807 | D:4      | Paralysed by Grinder for 6 turns
   832 | D:4      | HP: 8/55 [Grinder (7)]
   892 | D:4      | HP: 9/55 [Grinder (7)]
   896 | D:4      | Killed Grinder
   897 | D:4      | Reached skill level 7 in Fighting
   897 | D:4      | Reached XP level 6. HP: 8/66 MP: 6/6
  1359 | D:4      | Noticed a black bear
  2241 | D:5      | HP: 14/64 [gnoll shaman/+0 club (8)]
  2242 | D:5      | HP: 5/64 [gnoll/+0 spear (5)]
  2243 | D:5      | HP: 1/64 [gnoll shaman/+0 club (4)]
  2243 | D:5      | Slain by a gnoll

Vanquished Creatures
  Grinder (D:4)
  A bullfrog (D:5)
  A scorpion (D:6)
  A hound (D:5)
  An orc wizard (D:5)
  3 adders (D:5)
  A gnoll (D:5)
  5 orcs
  A ball python (D:4)
  3 goblins (D:4)
  3 hobgoblins (D:4)
  A kobold (D:4)
22 creatures vanquished.

Vanquished Creatures (others)
  A gnoll (D:5)
1 creature vanquished.

Grand Total: 23 creatures vanquished

Table legend:
 A = Non-vault XP
 B = Vault XP
 C = Vault XP percentage of total XP
 D = Non-vault monster count
 E = Vault monster count
 F = Vault count percentage of total count
                 A         B        C        D         E       F
            +---------+---------+-------+---------+---------+-------
      Total |     338 |     272 |  44.6 |      22 |       1 |   4.3
            +---------+---------+-------+---------+---------+-------
        D:4 |      18 |     272 |  93.8 |       9 |       1 |  10.0
        D:5 |     240 |       0 |   0.0 |      12 |       0 |   0.0
        D:6 |      80 |       0 |   0.0 |       1 |       0 |   0.0
            +---------+---------+-------+---------+---------+-------

Illustrated notes

Table legend:
 A = Kills in this place as a percentage of kills in entire the game.
 B = Kills by you in this place as a percentage of kills by you in the entire game.
 C = Kills by friends in this place as a percentage of kills by friends in the entire game.
 D = Other kills in this place as a percentage of other kills in the entire game.
 E = Experience gained in this place as a percentage of experience gained in the entire game.
 F = Experience gained in this place divided by the number of levels of this place that you have seen.
                   A       B       C       D       E      F
               +-------+-------+-------+-------+-------+----------------------
         Total | 100.0 | 100.0 |   N/A | 100.0 | 100.0 | 203.3
       Dungeon | 100.0 | 100.0 |   N/A | 100.0 | 100.0 | 203.3
               +-------+-------+-------+-------+-------+----------------------

Table legend: (Time is in decaauts)
 A = Elapsed time spent in this place.
 B = Non-inter-level travel time spent in this place.
 C = Inter-level travel time spent in this place.
 D = Time resting spent in this place.
 E = Time spent auto-exploring this place.
 F = Levels seen in this place.
 G = Mean time per level.
                   A        B        C        D        E       F      G
               +--------+--------+--------+--------+--------+-----+--------+
         Total |   2538 |   2499 |     39 |   1295 |    908 |   3 |  846.0 |
       Dungeon |   2538 |   2499 |     39 |   1295 |    908 |   3 |  846.0 |
               +--------+--------+--------+--------+--------+-----+--------+

Top non-repeatable levels by time:
     D:4: 1326 daAuts
     D:5: 1052 daAuts
     D:6: 159 daAuts
